 Dungeon Crawl Stone Soup version 0.31-a0-210-gccc998df9b (webtiles) character file.

Game seed: 10942035045282580819

39 kae the Insei (level 3, -2/26 HPs)
             Began as a Demonspawn Transmuter on June 29, 2023.
             Slain by a gnoll
             ... wielding a +0 whip
              (6 damage)
             ... on level 2 of the Dungeon.
             The game lasted 00:01:00 (1040 turns).

kae the Insei (Demonspawn Transmuter)               Turns: 1040, Time: 00:01:02

Health: -2/26      AC:  4    Str: 10    XL:     3   Next: 26%
Magic:  4/6        EV: 12    Int: 16    God:
Gold:   19         SH:  0    Dex: 13    Spells: 0/6 levels left

rFire   . . .        c - +0 mace
rCold   . . .        (no shield)
rNeg    . . .        a - +0 robe
rPois   .            (helmet currently unavailable)
rElec   .            (no cloak)
rCorr   .            (no gloves)
SInv    .            (boots currently unavailable)
Will    .....        (no amulet)
Stlth   +            (no ring)
HPRegen 0.24/turn    (no ring)
MPRegen 0.10/turn

%: no passive effects
@: mighty, appendages, wereblooded
A: horns 2, talons 2, claws 1, thin metallic scales 1
a: End Transformation


You were on level 2 of the Dungeon.
You had temporarily grown beastly horns and talons.
You visited 1 branch of the dungeon, and saw 2 of its levels.

You collected 19 gold pieces.


Innate Abilities, Weirdness & Mutations

You have temporarily grown beastly horns and talons.
You have sharp fingernails.
You are partially covered in thin metallic scales. (AC +2)


   Skills:
 - Level 1.0 Fighting
 - Level 1.7 Dodging
 + Level 3.0 Unarmed Combat
 + Level 2.4 Spellcasting
 * Level 2.6 Transmutations
 * Level 0.3 Poison Magic


You couldn't memorise any spells.
You knew the following spells:

 Your Spells              Type           Power      Damage    Failure   Level
a - Beastly Appendage     Tmut           20%        N/A       7%          1
b - Wereblood             Tmut           10%        N/A       10%         2
c - Spider Form           Tmut/Pois      6%         N/A       32%         3

Your spell library contained the following spells:

 Spells                   Type           Power      Damage    Failure   Level
 Ice Form                 Ice/Tmut       6%         N/A       75%         4

Inventory:

Hand Weapons
 c - a +0 mace (weapon)
   (You found it on level 1 of the Dungeon)
Missiles
 f - 13 stones
Armour
 a - a +0 robe (worn)
Jewellery
 T - an amulet of faith {!P}
   (You found it on level 1 of the Dungeon)
Scrolls
 e - a scroll of identify {@r1}
 h - 2 scrolls of vulnerability {!r!r}
Potions
 b - a potion of lignification {!q}
 d - 2 potions of enlightenment

Dungeon Overview and Level Annotations

Branches:
Dungeon (2/15) Zot: 10928

Altars:

#####...#### # #...#
# #.).# #
#...########
#..........#
#...######.# #....##
#.#
###.#.####.####r###.
#.###......@ggg....
##.#.###..####.###.
##.## #..###
.#####.####....#
.........)....#.#
.####.#.####.##.#
#.### #... . #
####.## #


You could see 3 gnolls and a rat.


Message History

You kill the bat!
No target in view!
Your transformation is almost over.
Your horns disappear.
Your talons disappear.
Key pressed, stopping explore.
A kobold comes into view. It is wielding a +0 dagger.
The kobold shouts! 😎 MP[+1]
Your mp is fully restored (6).
A kobold is nearby!
Unknown command.
A kobold is nearby!
A kobold is nearby!
Casting: Beastly Appendage (safe; 7% risk of failure)
Confirm with . or Enter, or press ? or * to list all spells.
You grow a pair of large bovine horns.
Your feet morph into talons.
The kobold closely misses you. 😎 MP[-1]
You lost 1 mp, and now have 5/6 mp.
You hit the kobold.
You kill the kobold!
No target in view!
Your transformation is almost over.
An endoplasm comes into view. 😎 MP[+1]
Your mp is fully restored (6).
An endoplasm is nearby!
An endoplasm is nearby!
An endoplasm is nearby!
Casting: Beastly Appendage (safe; 7% risk of failure)
Confirm with . or Enter, or press ? or * to list all spells.
You extend your transformation's duration.
The endoplasm quivers. 😎 MP[-1]
You lost 1 mp, and now have 5/6 mp.
You see here a +0 spear.
You hit the endoplasm. You claw the endoplasm.
You kill the endoplasm!
f - 13 stones (gained 5)
Your transformation is almost over. 2 gnolls come into view.
The gnoll shouts!
There are monsters nearby! 😎 MP[+1]
Your mp is fully restored (6).
There are monsters nearby!
The gnoll shouts!
A gnoll comes into view. It is wielding a +0 whip.
There are monsters nearby!
The gnoll shouts!
You hit the gnoll but do no damage. You claw the gnoll.
The gnoll hits you with a +0 flail.
You hit the gnoll but do no damage. 😕 HP[-1]
You take 1 damage, and now have 25/26 hp.
Unknown command.
Okay, then.
Casting: Beastly Appendage (safe; 7% risk of failure)
Confirm with . or Enter, or press ? or * to list all spells.
Your blood is infused with primal strength.
Your horns disappear.
Your talons disappear.
The gnoll hits you with a +0 whip. 😕 HP[-3] MP[-2]
You take 3 damage, and now have 22/26 hp.
You lost 2 mp, and now have 4/6 mp.
You closely miss the gnoll. The gnoll hits you with a +0 whip. x2
* * * LOW HITPOINT WARNING * * *
You are too injured to fight recklessly! 😨 HP[-10]
You take 10 damage, and now have 12/26 hp.
MASSIVE DAMAGE!! (PAUSE)
You closely miss the gnoll. The gnoll misses you.
A rat comes into view.
Unknown command.
Casting: Wereblood (safe; 10% risk of failure)
Confirm with . or Enter, or press ? or * to list all spells.
You grow a pair of large bovine horns.
Your feet morph into talons.
The gnoll closely misses you.
The gnoll barely misses you. 😨 HP[+1] MP[-1]
You lost 1 mp, and now have 3/6 mp.
You hit the gnoll but do no damage. You claw the gnoll.
The gnoll hits you with a +0 whip.
* * * LOW HITPOINT WARNING * * *
The gnoll hits you but does no damage. 😨 HP[-5]
You take 5 damage, and now have 8/26 hp.
Unknown command.
You hit the gnoll but do no damage. The gnoll hits you with a +0 whip.
* * * LOW HITPOINT WARNING * * *
😱 HP[-5]
You take 5 damage, and now have 3/26 hp.
You closely miss the gnoll. You headbutt the gnoll.
The gnoll barely misses you. 😱 HP[+1] MP[+1] Unknown command.
It was a potion of might.
You feel very mighty all of a sudden. The gnoll hits you with a +0 whip.
You die...

Skill      XL: |  1  2 |
---------------+-------+-----
Transmutations | 2 |  2.6
Unarmed Combat | 3 |  3.0
Fighting       | |  1.0
Dodging        | |  1.7
Spellcasting   | |  2.4
Poison Magic   | |  0.3

Action                     || total
---------------------------++-------
  Melee: Mace              ||    78
         Kick              ||    11
         Headbutt          ||     8
         Unarmed           ||     2
         Punch             ||     1
   Cast: Beastly Appendage ||    16
         Wereblood         ||     1
    Use: Scroll            ||     3
         Potion            ||     1
   Stab: Sleeping          ||     1
 Armour: Robe              ||    20
  Dodge: Dodged            ||    57

Levels and vault maps discovered:
D:1:      spicycebolla_arrival_xxxplode, layout_loops_cross
D:2:      layout_loops_cross, serial_shops, shop

Notes
Turn   | Place    | Note
-------+----------+-------------------------------------------
     0 | D:1      | kae the Demonspawn Transmuter began the quest for the Orb.
     0 | D:1      | Reached XP level 1. HP: 15/15 MP: 3/3
     0 | D:1      | magus.rc [v1.11.3]
    67 | D:1      | Reached skill level 2 in Transmutations
   118 | D:1      | Gained mutation: You are partially covered in thin metallic
                  | scales. (AC +2) [demonic ancestry]
   118 | D:1      | Reached XP level 2. HP: 13/21 MP: 3/5
   563 | D:1      | Reached skill level 3 in Unarmed Combat
   645 | D:1      | Gained mutation: You have sharp fingernails. [demonic
                  | ancestry]
   645 | D:1      | Reached XP level 3. HP: 22/26 MP: 6/6
   648 | D:1      | Learned a level 2 spell: Wereblood
   652 | D:1      | Learned a level 3 spell: Spider Form
  1038 | D:2      | HP: 3/26 [gnoll/+0 whip (5)]
  1040 | D:2      | Slain by a gnoll

Vanquished Creatures
  4 bats
  4 endoplasms
  4 goblins
  4 hobgoblins
  2 jackals (D:1)
  4 kobolds
  4 quokkas (D:1)
  2 ball pythons (D:1)
  A frilled lizard (D:1)
  3 rats (D:1)
32 creatures vanquished.

Table legend:
 A = Non-vault XP
 B = Vault XP
 C = Vault XP percentage of total XP
 D = Non-vault monster count
 E = Vault monster count
 F = Vault count percentage of total count
                 A         B        C        D         E       F
            +---------+---------+-------+---------+---------+-------
      Total |      56 |       0 |   0.0 |      32 |       0 |   0.0
            +---------+---------+-------+---------+---------+-------
        D:1 |      44 |       0 |   0.0 |      25 |       0 |   0.0
        D:2 |      12 |       0 |   0.0 |       7 |       0 |   0.0
            +---------+---------+-------+---------+---------+-------

Skill      XL: |  1  2 |
---------------+-------+-----
Transmutations | 2 |  2.6
Unarmed Combat | 3 |  3.0
Fighting       | |  1.0
Dodging        | |  1.7
Spellcasting   | |  2.4
Poison Magic   | |  0.3

Action                     || total
---------------------------++-------
  Melee: Mace              ||    78
         Kick              ||    11
         Headbutt          ||     8
         Unarmed           ||     2
         Punch             ||     1
   Cast: Beastly Appendage ||    16
         Wereblood         ||     1
    Use: Scroll            ||     3
         Potion            ||     1
   Stab: Sleeping          ||     1
 Armour: Robe              ||    20
  Dodge: Dodged            ||    57

Illustrated notes

Table legend:
 A = Kills in this place as a percentage of kills in the entire game.
 B = Kills by you in this place as a percentage of kills by you in the entire game.
 C = Kills by friends in this place as a percentage of kills by friends in the entire game.
 D = Other kills in this place as a percentage of other kills in the entire game.
 E = Experience gained in this place as a percentage of experience gained in the entire game.
 F = Experience gained in this place divided by the number of levels of this place that you have seen.
                   A       B       C       D       E      F
               +-------+-------+-------+-------+-------+----------------------
         Total | 100.0 | 100.0 |   N/A |   N/A | 100.0 |  28.0
       Dungeon | 100.0 | 100.0 |   N/A |   N/A | 100.0 |  28.0
               +-------+-------+-------+-------+-------+----------------------

Table legend: (Time is in decaauts)
 A = Elapsed time spent in this place.
 B = Non-inter-level travel time spent in this place.
 C = Inter-level travel time spent in this place.
 D = Time resting spent in this place.
 E = Time spent auto-exploring this place.
 F = Levels seen in this place.
 G = Mean time per level.
                   A        B        C        D        E       F      G
               +--------+--------+--------+--------+--------+-----+--------+
         Total |   1070 |   1052 |     18 |      0 |    791 |   2 |  535.0 |
       Dungeon |   1070 |   1052 |     18 |      0 |    791 |   2 |  535.0 |
               +--------+--------+--------+--------+--------+-----+--------+

Top non-repeatable levels by time:
     D:1: 855 daAuts
     D:2: 214 daAuts
